 Dungeon Crawl Stone Soup version 0.21.1-1-g345015f (webtiles) character file.

103 batai666 the Digger (level 4, 0/24 HPs)
             Began as a Gargoyle Earth Elementalist on Feb 14, 2018.
             Slain by an orc
             ... wielding a +1 hand axe of chopping
              (3 damage)
             ... on level 3 of the Dungeon.
             The game lasted 00:16:16 (2244 turns).

batai666 the Digger (Gargoyle Earth Elementalist)   Turns: 2244, Time: 00:16:17

Health: 0/24       AC:  6    Str: 11    XL:     4   Next: 79%
Magic:  0/8        EV: 17    Int: 17    God:
Gold:   50         SH:  0    Dex: 15    Spells: 4/8 levels left

rFire    . . .     SeeInvis .   o - +0 whip (freeze)
rCold    . . .     Gourm    .   (no shield)
rNeg     + . .     Faith    .   c - +0 robe
rPois    ∞         Spirit   .   (no helmet)
rElec    +         Reflect  .   (no cloak)
rCorr    .         Harm     .   i - +0 pair of gloves
MR       .....                  (no boots)
Stlth    ++........             (no amulet)
HPRegen  0.08/turn              (no ring)
MPRegen  0.11/turn              (no ring)

@: confused, agile
A: negative energy resistance 1, electricity resistance, unbreathing,
petrification resistance, rot immunity, AC +3
a: no special abilities


You were on level 3 of the Dungeon.
You were not hungry.

You visited 1 branch of the dungeon, and saw 3 of its levels.

You collected 50 gold pieces.

Inventory:

Hand Weapons
 h - a +0 spear
 o - a +0 whip of freezing (weapon)
Missiles
 b - 44 stones (quivered)
Armour
 c - a +0 robe (worn)
 i - a +0 pair of gloves (worn)
Scrolls
 f - a scroll of enchant weapon
 j - 2 scrolls of teleportation
Potions
 a - a potion of flight
 k - a potion of agility
 m - a potion of brilliance {unknown}
Books
 e - a book of Geomancy

   Spells                             Type                      Level
   a - Sandblast                      Earth                        1
   b - Passwall                       Transmutation/Earth          2
   c - Stone Arrow                    Conjuration/Earth            3
   d - Petrify                        Transmutation/Earth          4
   e - Lee's Rapid Deconstruction     Earth                        5
Comestibles
 d - 4 rations
 p - 3 inedible chunks of flesh


   Skills:
 - Level 1.5 Dodging
 - Level 2.1 Stealth
 - Level 2.7 Spellcasting
 + Level 3.3 Conjurations
   Level 0.7 Transmutations
 - Level 4.4 Earth Magic


You had 4 spell levels left.
You knew the following spells:

 Your Spells              Type           Power        Failure   Level  Hunger
a - Sandblast             Erth           ###...       3%          1    #......
b - Stone Arrow           Conj/Erth      ###...       11%         3    ###....


Dungeon Overview and Level Annotations

Branches:
Dungeon (3/15)

Altars:

Annotations:
D:3 Sigmund


Innate Abilities, Weirdness & Mutations

You are resistant to torment.
Your stone body is resilient. (AC +3)
You are immune to poison.
You resist negative energy. (rN+)
You are resistant to electric shocks. (rElec)
You can survive without breathing.
You are immune to petrification.
You are immune to rotting.


Message History

Aim: an orc, wielding a hand axe of chopping and wearing a leather armour The blast of sand hits the orc.
b - 44 stones Sigmund screams, "You will never...
NEVER!!!"
Sigmund casts a spell at you.
You are confused.
The orc barely misses you. Sigmund casts a spell at you.
The magic dart hits you!
* * * LOW HITPOINT WARNING * * *
You're too confused to cast spells.
You're too confused!
You're too confused to cast spells.
You feel agile all of a sudden.
Sigmund gestures wildly while chanting.
Sigmund flickers and vanishes!
Deactivating autopickup; reactivate with Ctrl-A.
The orc hits you but does no damage.
The orc hits you with a hand axe of chopping.
You die...

#...# #... #...# #...
### #...# .# #..# #.#
#.{.# .# #####..# #.#
#...# .## #......# #.#
#...#####... #.###.##
###.#####........######
#..... #......#
#............. #..###
##.#.##o# #...lo@....#
#..... ...#.##.#
#....o.....# #.....
####.##o# #.......##.#
###### # #.##.#
#..........# .. .
#o##.###).......## ###
.# #.##....#######.# .#
#o##....# .# .oo.... #.
..##....# ####.#.
.o..gl
#....##....###........
.....


You could see 2 orcs and a frilled lizard.

Vanquished Creatures
  An iguana (D:3)
  2 adders
  A worm (D:2)
  2 leopard geckos
  5 orcs (D:3)
  2 ball pythons
  A bat (D:1)
  2 giant cockroaches (D:1)
  8 goblins
  5 hobgoblins
  A quokka (D:2)
  2 frilled lizards
  9 kobolds
  6 rats
47 creatures vanquished.

Notes
Turn   | Place    | Note
-------+----------+-------------------------------------------
     0 | D:1      | batai666 the Gargoyle Earth Elementalist began the quest for the Orb.
     0 | D:1      | Reached XP level 1. HP: 10/10 MP: 3/3
   282 | D:1      | Reached skill level 4 in Earth Magic
   282 | D:1      | Reached XP level 2. HP: 10/15 MP: 0/5
   981 | D:2      | You fall through a shaft!
  1019 | D:3      | Reached XP level 3. HP: 15/19 MP: 3/6
  1063 | D:2      | Learned a level 3 spell: Stone Arrow
  1364 | D:2      | Reached skill level 1 in Conjurations
  2129 | D:2      | You fall through a shaft!
  2141 | D:3      | Reached XP level 4. HP: 23/24 MP: 3/8
  2237 | D:3      | Noticed Sigmund
  2244 | D:3      | Slain by an orc

Skill      XL: |  1  2  3  4 |
---------------+-------------+-----
Earth Magic    | 4 |  4.4
Conjurations   | 2 3 |  3.3
Dodging        | |  1.5
Stealth        | |  2.1
Spellcasting   | |  2.7
Transmutations | |  0.7

Action                   |  1- 3 |  4- 6 || total
-------------------------+-------+-------++-------
Melee: Dagger            |    19 |       ||    19
       Spear             |    34 |       ||    34
       Whip              |     1 |    20 ||    21
 Cast: Sandblast         |    48 |    11 ||    59
       Stone Arrow       |     2 |     1 ||     3
  Use: Scroll            |     6 |     2 ||     8
       Potion            |       |     1 ||     1
  Eat: Chunk             |     3 |       ||     3
       Ration            |     1 |       ||     1
Armor: Robe              |    20 |     6 ||    26
Dodge: Dodged            |    70 |    21 ||    91
